 Dungeon Crawl Stone Soup version 0.29.1 (webtiles) character file.

Game seed: 10046052636513847828

5931 qw the Cleaver (level 10, 0/90 HPs)
             Began as a Minotaur Berserker on Sept 13, 2022.
             Was a Priest of Trog.
             Slain by a death yak (5 damage)
             ... on level 9 of the Dungeon.
             The game lasted 00:03:12 (10038 turns).

qw the Cleaver (Minotaur Berserker)                Turns: 10038, Time: 00:03:12

Health: 0/90       AC: 15    Str: 31    XL:     10   Next: 54%
Magic:  8/8        EV:  8    Int:  3    God:    Trog [***...]
Gold:   93         SH: 10    Dex:  8    Spells: 9/9 levels left

rFire   . . .      SeeInvis .   q - +2 war axe (flame)
rCold   . . .      Faith    .   k - +0 kite shield
rNeg    . . .      Spirit   .   a - +0 chain mail
rPois   .          Reflect  .   i - +2 hat
rElec   .          Harm     .   n - +2 cloak {Stlth+}
rCorr   .          Rampage  .   (no gloves)
Will    .....                   (no boots)
Stlth   ..........              f - amulet of regeneration
HPRegen 1.05/turn               (no ring)
MPRegen 0.11/turn               (no ring)

@: about to teleport, on berserk cooldown, slowed, very slow
A: horns 2, retaliatory headbutt, low MP 1, strong 1
a: Renounce Religion, Berserk, Trog's Hand


You were on level 9 of the Dungeon.
You worshipped Trog.
Trog was most pleased with you.
You visited 1 branch of the dungeon, and saw 9 of its levels.
You also visited: Sewer.

You collected 511 gold pieces.
You spent 418 gold pieces at shops.


Innate Abilities, Weirdness & Mutations

You have a pair of horns on your head.
You reflexively headbutt those who attack you in melee.
Your magical capacity is low. (-10% MP)
Your muscles are strong. (Str +4, Int/Dex -1)


   Skills:
 - Level 8.6 Fighting
 - Level 14.3 Axes
 - Level 5.2 Armour
 - Level 2.1 Dodging
 + Level 9.0 Shields


You had 9 spell levels left.
You didn't know any spells.
Your spell library was empty.

Inventory:

Hand Weapons
 q - a +2 war axe of flaming (weapon)
Armour
 a - a +0 chain mail (worn)
 i - a +2 hat (worn)
 j - a +0 plate armour
 k - a +0 kite shield (worn)
 n - a +2 cloak of stealth (worn)
Jewellery
 f - an amulet of regeneration (around neck)
Wands
 m - a wand of digging (5)
Scrolls
 e - 7 scrolls of identify
 l - 3 scrolls of enchant armour
 o - 6 scrolls of teleportation
Potions
 b - a potion of cancellation
 c - 2 potions of curing
 d - 4 potions of heal wounds
 g - 2 potions of haste
 h - 4 potions of mutation

Dungeon Overview and Level Annotations

Branches:
Dungeon (9/15)             Temple (0/1) D:5            Lair (0/5) D:9
  Sewer (visited)
    Orc: D:9-12

Altars:
Ashenzari
Cheibriados
Fedhas
Hepliaklqana
Kikubaaqudgha
Nemelex Xobeh
Qazlal
Ru
Vehumet
The Shining One

Shops:
D:4 (([*   D:7 [


Message History

The death yak bellows!
You slash the death yak! You burn the death yak.
The death yak is moderately wounded.
The death yak gores you but does no damage.
You hit the death yak. You burn the death yak.
The death yak is heavily wounded.
The death yak gores you but does no damage.
The death yak barely misses you.
You slash the death yak! You burn the death yak.
The death yak is severely wounded.
You block the death yak's attack.
You barely miss the death yak. You headbutt the death yak.
The death yak is severely wounded.
You hit the death yak. You burn the death yak. You barely miss the death yak.
You block the death yak's attack.
The death yak snorts and paws the ground.
You block the death yak's attack.
You hit the death yak. You burn the death yak.
The death yak is severely wounded.
You hit the death yak. You burn the death yak. You hit the death yak.
You burn the death yak. You block the death yak's attack.
The death yak barely misses you.
You block the death yak's attack. x2; The death yak gores you!
The death yak gores you!! The death yak gores you.
You barely miss the death yak.
The death yak is severely wounded.
You hit the death yak but do no damage. You hit the death yak.
You burn the death yak. You barely miss the death yak.
You block the death yak's attack. The death yak gores you!
The death yak gores you!! The death yak gores you!
10038 ||| READING 7 scrolls of teleportation.
As you read the scroll of teleportation, it crumbles to dust.
You feel strangely unstable.
The death yak gores you but does no damage.
The death yak closely misses you. You furiously retaliate!
You headbutt the death yak! The death yak gores you. The death yak gores you!
You block the death yak's attack. x2
The death yak snorts and paws the ground.
The death yak gores you.
You die...

#......#...
#......#...
######......#... .
#...........#
..#######........#+##
.................#
.........%.......#
......Y..?.......#
......Y@#+####...#
......YYY....#...#
.....#.Y.....#...#
...# ........#...+ ?.
.........# .# .
..........+
.>....###### ../.....


You could see 6 death yaks.

Vanquished Creatures
  A two-headed ogre (D:7)
  A death yak (D:9)
  Pikel (D:4)
  Grinder (D:5)
  3 yaks (D:8)
  3 steam dragons
  Duvessa (D:4)
  2 water moccasins
  A black bear (D:6)
  3 ice beasts
  2 orc warriors
  A sky beast (D:6)
  3 ogres
  3 centaurs
  A lemure (D:4)
  4 kobold brigands
  3 bullfrogs
  3 scorpions
  Dowan (D:4)
  A howler monkey (D:4)
  A hound (D:7)
  5 orc priests
  2 jellies
  2 gnoll boudas
  Ijyb (D:4)
  Natasha (thrice) (D:3)
  13 orc wizards
  12 gnolls
  10 adders
  A river rat (D:3)
  4 shadow imps
  A white imp (D:7)
  An ufetubus (D:5)
  A dart slug (D:5)
  17 orcs
  13 ball pythons
  8 endoplasms
  5 giant cockroaches
  8 goblins
  4 hobgoblins
  3 jackals (D:3)
  33 kobolds
  3 quokkas
  8 bats
  5 frilled lizards
  5 rats
208 creatures vanquished.

Vanquished Creatures (others)
  A fungus (Sewer)
  4 plants
5 creatures vanquished.

Grand Total: 213 creatures vanquished

Notes
Turn   | Place    | Note
-------+----------+-------------------------------------------
     0 | D:1      | qw the Minotaur Berserker began the quest for the Orb.
     0 | D:1      | Reached XP level 1. HP: 19/19 MP: 0/0
     0 | D:1      | 0 ||| qw: Version: 0.1-a-119-g272c26d
     0 | D:1      | 0 ||| qw: Game counter: 11101
     0 | D:1      | 0 ||| qw: Always use a shield: true
     0 | D:1      | 0 ||| qw: Do Orc after D:15 true
     0 | D:1      | 0 ||| qw: Do second Lair branch before Depths: true
     0 | D:1      | 0 ||| qw: Lair rune preference: random
     0 | D:1      | 0 ||| qw: Plans: Normal
     0 | D:1      | 0 ||| PLANNING D:1-11
    71 | D:1      | 71 ||| Stepping ~*~*~tactically~*~*~ (stealth).
    73 | D:1      | 73 ||| Stepping ~*~*~tactically~*~*~ (stealth).
    76 | D:1      | 76 ||| Stepping ~*~*~tactically~*~*~ (stealth).
   127 | D:1      | Reached skill level 4 in Axes
   255 | D:1      | Reached XP level 2. HP: 25/26 MP: 1/1
   676 | D:1      | Found a faded altar of an unknown god.
   687 | D:1      | Reached skill level 5 in Axes
   946 | D:1      | Reached XP level 3. HP: 31/31 MP: 2/2
   954 | D:1      | 954 ||| UPGRADING to +0 leather armour.
   964 | D:1      | 964 ||| DROPPING +0 animal skin.
   965 | D:1      | 965 ||| UPGRADING to +0 kite shield.
   970 | D:1      | 970 ||| READING scroll labelled XIAGGE ISKU.
   971 | D:1      | 971 ||| READING scroll labelled OPPOEPP POPLO.
   976 | D:1      | 976 ||| READING scroll labelled COSUDIPTAR.
   977 | D:1      | 977 ||| DRINKING 2 pink potions.
  1105 | D:2      | Reached ** piety under Trog
  1292 | D:2      | Reached skill level 1 in Shields
  1432 | D:2      | 1432 ||| Stepping ~*~*~tactically~*~*~ (stealth).
  1439 | D:2      | 1439 ||| FLEEEEING.
  1672 | D:2      | 1672 ||| Stepping ~*~*~tactically~*~*~ (stealth).
  1674 | D:2      | 1674 ||| Stepping ~*~*~tactically~*~*~ (stealth).
  1676 | D:2      | 1676 ||| Stepping ~*~*~tactically~*~*~ (stealth).
  1868 | D:2      | Found a sparkling altar of Nemelex Xobeh.
  2067 | D:2      | 2067 ||| UPGRADING to +2 hat.
  2072 | D:2      | 2072 ||| UPGRADING to +0 scale mail.
  2082 | D:2      | 2082 ||| DROPPING +0 leather armour.
  2083 | D:2      | 2083 ||| UPGRADING to amulet of regeneration.
  2088 | D:2      | 2088 ||| DROPPING amulet of faith.
  2089 | D:2      | 2089 ||| READING scroll labelled PUILAYCLEI.
  2090 | D:2      | 2090 ||| READING scroll labelled GYGENUCWIPP.
  2091 | D:2      | 2091 ||| READING 5 scrolls labelled IPNYRI RAHURGH.
  2092 | D:2      | 2092 ||| READING scroll labelled PYREYSOANE.
  2093 | D:2      | 2093 ||| DRINKING 2 metallic orange potions.
  2094 | D:2      | 2094 ||| READING 4 scrolls of identify.
  2094 | D:2      | 2094 ||| IDENTIFYING fizzy coppery potion
  2095 | D:2      | 2095 ||| DROPPING potion of flight.
  2107 | D:3      | 2107 ||| PLANNING SEWER
  2118 | D:3      | Reached XP level 4. HP: 39/39 MP: 3/3
  2119 | D:3      | Found a glowing drain.
  2121 | D:3      | 2121 ||| FLEEEEING.
  2122 | D:3      | 2122 ||| FLEEEEING.
  2123 | D:3      | 2123 ||| FLEEEEING.
  2125 | D:3      | 2125 ||| STAIRDANCE
  2129 | D:3      | 2129 ||| STAIRDANCE
  2137 | D:3      | Reached skill level 3 in Shields
  2137 | D:3      | 2137 ||| STAIRDANCE
  2147 | D:3      | 2147 ||| FLEEEEING.
  2148 | D:3      | 2148 ||| FLEEEEING.
  2150 | D:3      | 2150 ||| FLEEEEING.
  2153 | D:3      | 2153 ||| STAIRDANCE
  2158 | D:3      | 2158 ||| FLEEEEING.
  2159 | D:3      | 2159 ||| STAIRDANCE
  2164 | D:3      | 2164 ||| STAIRDANCE
  2179 | Sewer    | Entered a sewer
  2373 | Sewer    | Noticed a kobold brigand
  2377 | Sewer    | 2377 ||| INVOKING Berserk.
  2378 | Sewer    | 2378 ||| INVOKING Berserk.
  2382 | Sewer    | Killed a kobold brigand
  2383 | Sewer    | Reached XP level 5. HP: 21/45 MP: 4/4
  2529 | Sewer    | 2529 ||| READING 5 scrolls of identify.
  2529 | Sewer    | 2529 ||| IDENTIFYING sedimented orange potion
  2530 | Sewer    | 2530 ||| READING 4 scrolls of identify.
  2530 | Sewer    | 2530 ||| IDENTIFYING bubbling clear potion
  2531 | Sewer    | 2531 ||| READING 3 scrolls of identify.
  2531 | Sewer    | 2531 ||| IDENTIFYING smoky puce potion
  2532 | Sewer    | 2532 ||| DROPPING potion of invisibility.
  2533 | Sewer    | 2533 ||| DROPPING potion of magic.
  2548 | D:3      | 2548 ||| PLANNING D:1-11
  2659 | D:3      | 2659 ||| Stepping ~*~*~tactically~*~*~ (hiding).
  2661 | D:3      | 2661 ||| Stepping ~*~*~tactically~*~*~ (hiding).
  2842 | D:3      | 2842 ||| Stepping ~*~*~tactically~*~*~ (stealth).
  2844 | D:3      | 2844 ||| Stepping ~*~*~tactically~*~*~ (hiding).
  2846 | D:3      | 2846 ||| Stepping ~*~*~tactically~*~*~ (hiding).
  2850 | D:3      | 2850 ||| INVOKING Berserk.
  2971 | D:3      | 2971 ||| SWAPPING to +0 war axe.
  2972 | D:3      | 2972 ||| DROPPING +1 hand axe.
  3074 | D:3      | 3074 ||| Stepping ~*~*~tactically~*~*~ (stealth).
  3076 | D:3      | Noticed Natasha
  3077 | D:3      | 3077 ||| Stepping ~*~*~tactically~*~*~ (hiding).
  3082 | D:3      | 3082 ||| INVOKING Berserk.
  3089 | D:3      | Killed Natasha
  3378 | D:3      | Noticed Natasha
  3380 | D:3      | 3380 ||| INVOKING Berserk.
  3381 | D:3      | Killed Natasha
  3382 | D:3      | Reached skill level 6 in Axes
  3395 | D:3      | Noticed Natasha
  3401 | D:3      | Killed Natasha
  3402 | D:3      | Reached XP level 6. HP: 51/51 MP: 5/5
  3833 | D:3      | 3833 ||| UPGRADING to +0 chain mail.
  3843 | D:3      | 3843 ||| DROPPING +0 scale mail.
  3844 | D:3      | 3844 ||| READING scroll labelled NUSEANLYAW.
  3845 | D:3      | 3845 ||| READING scroll labelled EJUTUPIN AGENI.
  3846 | D:3      | 3846 ||| READING 5 scrolls of identify.
  3846 | D:3      | 3846 ||| IDENTIFYING clear potion
  3847 | D:3      | 3847 ||| READING 4 scrolls of identify.
  3847 | D:3      | 3847 ||| IDENTIFYING fizzy clear potion
  3848 | D:3      | 3848 ||| DROPPING potion of lignification.
  3849 | D:3      | 3849 ||| DROPPING potion of ambrosia.
  3850 | D:3      | 3850 ||| READING 4 scrolls of teleportation.
  3895 | D:4      | Found Zyachor's Armour Boutique.
  3905 | D:4      | 3905 ||| SHOPLISTING +1 plate armour of cold resistance
                  | (490 gold, have 229).
  3905 | D:4      | 3905 ||| SHOPLISTING +2 chain mail of willpower (301 gold,
                  | have 229).
  3920 | D:4      | Noticed Ijyb
  3923 | D:4      | 3923 ||| INVOKING Berserk.
  3927 | D:4      | Killed Ijyb
  4206 | D:4      | 4206 ||| Stepping ~*~*~tactically~*~*~ (stealth).
  4307 | D:4      | Reached skill level 7 in Axes
  4311 | D:4      | Found Lanohoram's Weapon Shoppe.
  4361 | D:4      | Found Woac's Antique Weapon Shop.
  4369 | D:4      | 4369 ||| BUYING glowing flail (169 gold).
  4369 | D:4      | Bought a glowing flail for 169 gold pieces
  4369 | D:4      | 4369 ||| DROPPING +0 whip.
  4374 | D:4      | Noticed Duvessa
  4377 | D:4      | 4377 ||| INVOKING Berserk.
  4381 | D:4      | Killed Duvessa
  4385 | D:4      | Noticed Dowan
  4386 | D:4      | 4386 ||| Stepping ~*~*~tactically~*~*~ (stealth).
  4402 | D:4      | Killed Dowan
  4403 | D:4      | Reached XP level 7. HP: 52/60 MP: 6/6
  4588 | D:4      | Found a glowing golden altar of the Shining One.
  4651 | D:4      | Found Veen Epa's General Store.
  4656 | D:4      | 4656 ||| BUYING potion of curing (33 gold).
  4656 | D:4      | Bought a potion of curing for 33 gold pieces
  4656 | D:4      | 4656 ||| BUYING potion of curing (33 gold).
  4656 | D:4      | Bought a potion of curing for 33 gold pieces
  4656 | D:4      | 4656 ||| BUYING scroll of identify (22 gold).
  4656 | D:4      | Bought a scroll of identify for 22 gold pieces
  4656 | D:4      | 4656 ||| SHOPLISTING wand of digging (7) (323 gold, have
                  | 17).
  4713 | D:4      | Found a snail-covered altar of Cheibriados.
  4738 | D:4      | 4738 ||| INVOKING Berserk.
  4743 | D:4      | Reached skill level 8 in Axes
  4914 | D:4      | Found a radiant altar of Vehumet.
  4933 | D:4      | 4933 ||| DRINKING 2 metallic grey potions.
  4933 | D:4      | Gained mutation: Your muscles are strong. (Str +4, Int/Dex
                  | -1) [potion of mutation]
  4933 | D:4      | Gained mutation: Your magical capacity is low. (-10% MP)
                  | [potion of mutation]
  4962 | D:5      | Entered Level 5 of the Dungeon
  4962 | D:5      | Noticed Pikel
  4965 | D:5      | 4965 ||| STAIRDANCE
  4974 | D:5      | 4974 ||| STAIRDANCE
  4976 | D:4      | 4976 ||| INVOKING Berserk.
  4980 | D:4      | Killed Pikel
  4981 | D:4      | Reached XP level 8. HP: 67/67 MP: 6/6
  5175 | D:5      | 5175 ||| Stepping ~*~*~tactically~*~*~ (stealth).
  5185 | D:5      | 5185 ||| INVOKING Berserk.
  5188 | D:5      | Reached skill level 9 in Axes
  5213 | D:5      | Reached skill level 3 in Armour
  5213 | D:5      | 5213 ||| Stepping ~*~*~tactically~*~*~ (stealth).
  5216 | D:5      | Reached *** piety under Trog
  5249 | D:5      | 5249 ||| DRINKING 2 potions of curing.
  5249 | D:5      | 5249 ||| (to cure confusion)
  5309 | D:5      | 5309 ||| Stepping ~*~*~tactically~*~*~ (hiding).
  5317 | D:5      | 5317 ||| Stepping ~*~*~tactically~*~*~ (stealth).
  5325 | D:5      | 5325 ||| Stepping ~*~*~tactically~*~*~ (stealth).
  5328 | D:5      | 5328 ||| Stepping ~*~*~tactically~*~*~ (stealth).
  5329 | D:5      | 5329 ||| Stepping ~*~*~tactically~*~*~ (stealth).
  5368 | D:5      | Found an ancient bone altar of Kikubaaqudgha.
  5386 | D:5      | Reached skill level 10 in Axes
  5399 | D:5      | Noticed Grinder
  5400 | D:5      | 5400 ||| INVOKING Trog's Hand.
  5404 | D:5      | 5404 ||| INVOKING Berserk.
  5414 | D:5      | 5414 ||| INVOKING Trog's Hand.
  5421 | D:5      | 5421 ||| INVOKING Trog's Hand.
  5429 | D:5      | 5429 ||| INVOKING Trog's Hand.
  5433 | D:5      | Killed Grinder
  5434 | D:5      | Reached skill level 6 in Fighting
  5752 | D:5      | 5752 ||| Stepping ~*~*~tactically~*~*~ (stealth).
  5753 | D:5      | 5753 ||| Stepping ~*~*~tactically~*~*~ (stealth).
  5755 | D:5      | Reached XP level 9. HP: 78/78 MP: 7/7
  5808 | D:5      | Found a staircase to the Ecumenical Temple.
  5898 | D:5      | 5898 ||| READING 7 scrolls of identify.
  5898 | D:5      | 5898 ||| IDENTIFYING coppery potion
  5899 | D:5      | 5899 ||| DROPPING potion of attraction.
  5946 | D:6      | 5946 ||| Stepping ~*~*~tactically~*~*~ (hiding).
  6064 | D:6      | 6064 ||| Stepping ~*~*~tactically~*~*~ (hiding).
  6077 | D:6      | 6077 ||| Stepping ~*~*~tactically~*~*~ (stealth).
  6078 | D:6      | 6078 ||| Stepping ~*~*~tactically~*~*~ (stealth).
  6079 | D:6      | 6079 ||| Stepping ~*~*~tactically~*~*~ (stealth).
  6080 | D:6      | 6080 ||| Stepping ~*~*~tactically~*~*~ (stealth).
  6081 | D:6      | 6081 ||| Stepping ~*~*~tactically~*~*~ (stealth).
  6082 | D:6      | 6082 ||| Stepping ~*~*~tactically~*~*~ (stealth).
  6083 | D:6      | 6083 ||| Stepping ~*~*~tactically~*~*~ (stealth).
  6090 | D:6      | 6090 ||| INVOKING Berserk.
  6094 | D:6      | Reached skill level 11 in Axes
  6512 | D:6      | Found a hazy altar of Hepliaklqana.
  6642 | D:6      | 6642 ||| READING scroll of enchant weapon.
  6642 | D:6      | 6642 ||| ENCHANTING +0 war axe.
  6736 | D:6      | 6736 ||| INVOKING Berserk.
  7100 | D:6      | 7100 ||| READING scroll labelled USKETE WORGHU.
  7203 | D:7      | Noticed a two-headed ogre
  7210 | D:7      | 7210 ||| INVOKING Berserk.
  7214 | D:7      | Reached skill level 12 in Axes
  7215 | D:7      | Killed a two-headed ogre
  7287 | D:7      | Found a blossoming altar of Fedhas.
  7288 | D:7      | 7288 ||| INVOKING Berserk.
  7435 | D:7      | Found Kigaonib's Armour Shop.
  7437 | D:7      | 7437 ||| Stepping ~*~*~tactically~*~*~ (hiding).
  7440 | D:7      | 7440 ||| Stepping ~*~*~tactically~*~*~ (hiding).
  7441 | D:7      | 7441 ||| INVOKING Berserk.
  7558 | D:7      | 7558 ||| BUYING +0 cloak of stealth (161 gold).
  7558 | D:7      | Bought a +0 cloak of stealth for 161 gold pieces
  7558 | D:7      | 7558 ||| SHOPLISTING +3 ring mail of poison resistance (322
                  | gold, have 5).
  7619 | D:7      | Reached skill level 9 in Shields
  7678 | D:7      | Found a stormy altar of Qazlal.
  7683 | D:7      | 7683 ||| UPGRADING to +0 cloak of stealth.
  7689 | D:7      | 7689 ||| READING 5 scrolls of enchant armour.
  7689 | D:7      | 7689 ||| ENCHANTING +0 cloak of stealth.
  7690 | D:7      | 7690 ||| READING 4 scrolls of enchant armour.
  7690 | D:7      | 7690 ||| ENCHANTING +1 cloak of stealth.
  7917 | D:7      | 7917 ||| INVOKING Berserk.
  8109 | D:7      | Found a sacrificial altar of Ru.
  8124 | D:7      | Found a broken altar of Ashenzari.
  8242 | D:7      | 8242 ||| INVOKING Berserk.
  8244 | D:7      | Reached XP level 10. HP: 90/90 MP: 8/8
  8352 | D:7      | 8352 ||| Stepping ~*~*~tactically~*~*~ (hiding).
  8354 | D:7      | 8354 ||| INVOKING Berserk.
  8525 | D:8      | 8525 ||| Stepping ~*~*~tactically~*~*~ (hiding).
  8541 | D:8      | 8541 ||| Stepping ~*~*~tactically~*~*~ (stealth).
  8594 | D:8      | 8594 ||| Stepping ~*~*~tactically~*~*~ (hiding).
  8595 | D:8      | 8595 ||| Stepping ~*~*~tactically~*~*~ (stealth).
  8596 | D:8      | 8596 ||| Stepping ~*~*~tactically~*~*~ (stealth).
  8613 | D:8      | 8613 ||| Stepping ~*~*~tactically~*~*~ (stealth).
  8617 | D:8      | 8617 ||| INVOKING Berserk.
  8759 | D:8      | 8759 ||| INVOKING Berserk.
  8927 | D:8      | 8927 ||| SWAPPING to +2 war axe of flaming.
  8928 | D:8      | 8928 ||| DROPPING +1 flail of protection.
  8929 | D:8      | 8929 ||| DROPPING +1 war axe.
  9069 | D:8      | 9069 ||| INVOKING Berserk.
  9219 | D:8      | 9219 ||| INVOKING Berserk.
  9222 | D:8      | Reached skill level 13 in Axes
  9669 | D:8      | 9669 ||| READING 8 scrolls of identify.
  9669 | D:8      | 9669 ||| IDENTIFYING glowing inky potion
  9670 | D:8      | 9670 ||| DROPPING potion of brilliance.
  9722 | D:9      | 9722 ||| Stepping ~*~*~tactically~*~*~ (stealth).
  9729 | D:9      | 9729 ||| Stepping ~*~*~tactically~*~*~ (stealth).
  9736 | D:9      | 9736 ||| Stepping ~*~*~tactically~*~*~ (hiding).
  9868 | D:9      | 9868 ||| Stepping ~*~*~tactically~*~*~ (stealth).
  9878 | D:9      | 9878 ||| Stepping ~*~*~tactically~*~*~ (hiding).
  9880 | D:9      | 9880 ||| Stepping ~*~*~tactically~*~*~ (hiding).
  9891 | D:9      | 9891 ||| INVOKING Berserk.
  9985 | D:9      | 9985 ||| Stepping ~*~*~tactically~*~*~ (stealth).
 10018 | D:9      | Noticed a death yak
 10023 | D:9      | 10023 ||| INVOKING Berserk.
 10024 | D:9      | Noticed a death yak
 10027 | D:9      | Killed a death yak
 10028 | D:9      | Reached skill level 14 in Axes
 10029 | D:9      | Found a staircase to the Lair.
 10029 | D:9      | Noticed a death yak
 10029 | D:9      | Noticed a death yak
 10031 | D:9      | Noticed a death yak
 10031 | D:9      | Noticed a death yak
 10031 | D:9      | Noticed a death yak
 10037 | D:9      | HP: 13/90 [death yak (14)]
 10038 | D:9      | 10038 ||| READING 7 scrolls of teleportation.
 10038 | D:9      | HP: 5/90 [death yak (9)]
 10038 | D:9      | Slain by a death yak

Levels and vault maps discovered:
D:1:      matt_arrival_spirals, layout_rooms,
          shapermc_ecumenical_altar_mp_urbaneastern, st_stairs_12
D:2:      layout_loops_corners, basic_altar
D:3:      layout_basic, portal_sewer_entry_a, minmay_misc_feat_iff,
          grunt_decor_mini_mirrors, uniq_natasha, uniq_crazy_yiuf_cottage
D:4:      layout_gridville, mainiacjoe_overflow_big_doors, tso_oasis_becter,
          serial_shops, shop, shop, nicolae_shop_hallway_plus, shop,
          minmay_stone_trees_small, uniq_ijyb, uniq_duvessa
D:5:      layout_gridville, mainiacjoe_overflow_concentric_impassable,
          minmay_temple_entry_fiery, dreamdust_princess_corridor,
          minmay_a_box_with_orc_wizards_in_it, uniq_grinder, uniq_pikel
D:6:      layout_basic, nicolae_hepliaklqana_hippocampus,
          hangedman_decor_peaks_small, kennysheep_decorative_pillar
D:7:      layout_basic, nicolae_ru_great_annihilating_truth, fedhas_altar_1,
          nicolae_qazlal_style_of_elements, ashenzari_altar_1, serial_shops,
          shop, serial_bayou_pond_b
D:8:      wander_river, layout_gridville, chequers_garden, minmay_diced_spiral
D:9:      layout_irregular_city, elyvilon_altar_4, dk_yredelemnul_ordeal,
          dpeg_lair_monsters

Skill      XL: |  1  2  3  4  5  6  7  8  9 10 |
---------------+-------------------------------+-----
Axes           | 4 5 6 7 8 10 12 14 | 14.3
Shields        | 2 4 5 8 9 |  9.0
Fighting       | 4 6 8 |  8.6
Armour         | 3 4 5 |  5.2
Dodging        | |  2.1

Action                   |  1- 3 |  4- 6 |  7- 9 | 10-12 || total
-------------------------+-------+-------+-------+-------++-------
Melee: Hand axe          |    89 |    44 |       |       ||   133
       Headbutt          |     8 |    11 |    28 |    20 ||    67
       War axe           |       |    71 |   223 |   104 ||   398
Invok: Berserk           |       |     6 |    11 |     7 ||    24
       Trog's Hand       |       |       |     4 |       ||     4
  Use: Scroll            |     8 |     8 |     5 |     2 ||    23
       Potion            |     2 |       |     2 |       ||     4
 Stab: Distracted        |     1 |       |       |       ||     1
       Paralysed         |       |       |     1 |       ||     1
Armor: Animal skin       |     2 |       |       |       ||     2
       Leather armour    |     7 |       |       |       ||     7
       Scale mail        |     3 |    17 |       |       ||    20
       Chain mail        |       |    21 |    95 |    27 ||   143
Dodge: Dodged            |    28 |    36 |    55 |    19 ||   138
Block: Kite shield       |    18 |    53 |   107 |    49 ||   227

Table legend:
 A = Non-vault XP
 B = Vault XP
 C = Vault XP percentage of total XP
 D = Non-vault monster count
 E = Vault monster count
 F = Vault count percentage of total count
                 A         B        C        D         E       F
            +---------+---------+-------+---------+---------+-------
      Total |    4886 |    3587 |  42.3 |     164 |      43 |  20.8
            +---------+---------+-------+---------+---------+-------
        D:1 |      39 |       2 |   4.9 |      24 |       1 |   4.0
        D:2 |      53 |       0 |   0.0 |      18 |       0 |   0.0
        D:3 |     136 |      51 |  27.3 |      18 |       4 |  18.2
        D:4 |     310 |     937 |  75.1 |      12 |       4 |  25.0
        D:5 |     820 |     523 |  38.9 |      20 |       8 |  28.6
        D:6 |     672 |       0 |   0.0 |      15 |       0 |   0.0
        D:7 |    1126 |     970 |  46.3 |      22 |       7 |  24.1
        D:8 |    1298 |     162 |  11.1 |      18 |       3 |  14.3
        D:9 |     432 |     813 |  65.3 |      17 |       1 |   5.6
      Sewer |       0 |     129 | 100.0 |       0 |      15 | 100.0
            +---------+---------+-------+---------+---------+-------
